 Dungeon Crawl Stone Soup version 0.20-a0-971-g5896763 (webtiles) character file.

12023 zhorgal the Cleaver (level 11, -6/97 HPs)
             Began as a Deep Dwarf Fighter on Apr 7, 2017.
             Was a Priest of Makhleb.
             Engulfed by a cloud of flame (25 damage)
             ... on level 1 of the Lair of Beasts on Apr 8, 2017.
             The game lasted 01:28:12 (9449 turns).

zhorgal the Cleaver (Deep Dwarf Fighter)            Turns: 9449, Time: 01:28:13

Health: -6/97      AC: 16    Str: 23    XL:     11   Next: 57%
Magic:  23/23      EV: 14    Int:  9    God:    Makhleb [***...]
Gold:   514        SH:  0    Dex: 12    Spells: 6/10 levels left

rFire    . . .     SeeInvis .   r - +3 battleaxe (venom)
rCold    . . .     Gourm    .   (shield currently unavailable)
rNeg     . . .     Faith    .   I - +0 storm dragon scales
rPois    .         Spirit   .   (no helmet)
rElec    +         Reflect  .   v - +1 cloak
rCorr    .         Harm     .   (no gloves)
MR       +....                  K - +0 pair of boots
Stlth    ..........             (no amulet)
Regen    0.0/turn               D - ring of magical power
MPRegen  0.2/turn               M - +3 ring of evasion

@: lethally poisoned (-6 -> -6), non-regenerating
A: damage resistance, heal wounds, sense surroundings 2, no regeneration
a: Heal Wounds, Minor Destruction, Lesser Servant of Makhleb, Renounce Religion


You were on level 1 of the Lair of Beasts.
You worshipped Makhleb.
Makhleb was most pleased with you.
You were not hungry.

You visited 3 branches of the dungeon, and saw 12 of its levels.
You also visited: Sewer.

You collected 514 gold pieces.

Inventory:

Hand Weapons
 a - a +1 war axe
 b - a +2 hunting sling of velocity
 i - a +0 whip of flaming
 r - a +3 battleaxe of venom (weapon)
 z - a +3 blowgun
 P - a +0 hand crossbow
 R - a cursed -1 blowgun
Missiles
 h - 252 stones
 m - 67 sling bullets
 o - 175 bolts
 t - 232 arrows
 u - 45 poisoned needles
 y - 8 needles of confusion
 O - 8 tomahawks (quivered)
Armour
 c - a +0 shield
 v - a +1 cloak (worn)
 F - the +4 leather armour "Zefox" {rC+ Regen+}
   (You found it on level 8 of the Dungeon)

   It protects you from cold.
   It increases your rate of regeneration.
 G - a +1 hat of see invisible
 I - +0 storm dragon scales (worn)
 K - a +0 pair of boots (worn)
Jewellery
 D - a ring of magical power (left hand)
 M - a +3 ring of evasion (right hand)
 Q - an uncursed amulet of guardian spirit {unknown}
 S - an uncursed ring of positive energy {unknown}
 U - an uncursed ring of magical power
Wands
 n - a wand of scattershot (1/9)
 C - a wand of iceblast (10/15)
 E - a wand of iceblast (8/15)
Scrolls
 e - 2 scrolls of identify
 k - 4 scrolls of blinking
 l - 8 scrolls of teleportation
 p - a scroll of magic mapping
 s - 3 scrolls of fog
 x - a scroll of fear
 H - 3 scrolls of recharging
 J - a scroll of remove curse
 L - a scroll of amnesia
Potions
 d - 2 potions of might
 f - a potion of heal wounds
 q - 3 potions of haste
 B - a potion of curing
 N - a potion of lignification
Comestibles
 g - a royal jelly
 j - 3 meat rations
 w - 12 bread rations
 A - 8 fruits
 T - 3 chunks of flesh


   Skills:
 + Level 5.9 Fighting
 * Level 14.2 Axes
 + Level 6.7 Armour
 + Level 5.6 Dodging
 - Level 3.2 Shields
 + Level 8.9 Invocations
 + Level 6.6 Evocations


You had 6 spell levels left.
You knew the following spells:

 Your Spells              Type           Power        Failure   Level  Hunger
a - Passwall              Tmut/Erth      #.........   100%        2    ###....
b - Swiftness             Chrm/Air       #.......     100%        2    ###....


Dungeon Overview and Level Annotations

Branches:
Dungeon (10/15)            Temple (1/1) D:7            Lair (1/6) D:8
    Orc: D:9-12

Altars:
Ashenzari
Cheibriados
Fedhas
Hepliaklqana
Makhleb
Nemelex Xobeh
Okawaru
Qazlal
Trog
Vehumet
Wu Jian
Xom
Yredelemnul
The Shining One

Shops:
D:6 [   D:8 :

Annotations:
D:3 Robin
D:6 Zebura's ghost, novice BuTm
D:7 exclusion: statue
D:8 exclusion: obsidian statue


Innate Abilities, Weirdness & Mutations

You are resistant to damage.
You can heal yourself by infusing magical energy.
You passively map the area around you.
You do not regenerate.


Message History

The blink frog blinks!
The fire crab bites you but does no damage.
The fire crab claws you but does no damage.
You slice the fire crab!!
The fire crab is almost dead.
The fire crab bites you!
* * * LOW HITPOINT WARNING * * *
You are engulfed in flames!
* * * LOW HITPOINT WARNING * * *
The fire crab misses you.
You feel much better. The fire crab breathes flames at you.
The blast of flame misses you.
You slash the fire crab!
You kill the fire crab!
Makhleb accepts your kill.
You are engulfed in blazing flames.
* * * LOW HITPOINT WARNING * * *
You are engulfed in blazing flames.
You die...

.. , ........#* ##..####
..,, , ,,,
......#...###....#.# .. ,
, .P....#...P.#...#..## .
,. ##.............###..#
. ,, ..#.#...........#*
#.## . , ,
...#............## ##.##
. ,, ,
.......?.........###...#
.
,..................###†.#
.
.......@§§...........###
. ,
,.....F§†§§...........##*
,
,......§§§§§.....##....##
,
,........................
, ,
....................##.#
,
...................##*##
, ....................# *
,
,......................#
, ,
...................####


You could see a blink frog.

Vanquished Creatures
  Gastronok (Lair:1)
  Nergalle (D:10)
  A fire crab (Lair:1)
  The ghost of Malvoorn the Unweaver, a novice DsAK of Lugonu (D:8)
  Pikel (D:8)
  An ugly thing (D:9)
  A cyclops (D:10)
  4 spiny frogs
  Joseph (D:8)
  A troll (D:8)
  A blink frog (Lair:1)
  2 hippogriffs
  A spriggan (D:7)
  A wraith (D:10)
  A soldier ant (D:10)
  2 water moccasins
  5 orc warriors
  2 sky beasts
  A slave (D:8)
  2 black bears
  3 ice beasts
  A necrophage (D:10)
  2 ogres
  4 wolves
  A crocodile (Lair:1)
  6 centaurs
  2 big kobolds (D:10)
  4 bullfrogs
  A scorpion (D:4)
  A water moccasin skeleton (D:7)
  11 wights
  3 electric eels (D:8)
  2 howler monkeys
  4 crimson imps
  3 centaur zombies
  5 hounds
  6 orc priests
  A centaur skeleton (D:8)
  6 iguanas
  7 orc wizards
  Natasha (D:3)
  6 worker ants
  A killer bee zombie (D:8)
  2 hound zombies
  9 adders
  A shadow imp (D:9)
  An ooze (D:3)
  2 adder zombies (D:8)
  2 worms (D:4)
  2 dart slugs (D:1)
  6 leopard geckos
  39 orcs
  5 ball pythons
  7 giant cockroaches
  9 goblins
  5 hobgoblins
  7 jackals
  4 quokkas
  5 bats
  5 frilled lizards
  23 kobolds
  A quokka zombie (D:3)
  3 rats
  A plant (Sewer)
251 creatures vanquished.

Vanquished Creatures (others)
  A slave (D:8)
  A bullfrog (D:8)
  A leopard gecko (D:8)
3 creatures vanquished.

Grand Total: 254 creatures vanquished

Notes
Turn   | Place    | Note
-------+----------+-------------------------------------------
     0 | D:1      | zhorgal the Deep Dwarf Fighter began the quest for the Orb.
     0 | D:1      | Reached XP level 1. HP: 20/20 MP: 1/1
   165 | D:1      | Reached skill level 3 in Axes
   165 | D:1      | Reached XP level 2. HP: 21/27 MP: 2/2
   562 | D:2      | Reached XP level 3. HP: 26/33 MP: 3/3
   587 | D:2      | Reached skill level 4 in Axes
  1074 | D:2      | Found a stormy altar of Qazlal.
  1188 | D:3      | Noticed Natasha
  1194 | D:3      | Killed Natasha
  1194 | D:3      | Reached skill level 5 in Axes
  1194 | D:3      | Reached XP level 4. HP: 27/40 MP: 4/4
  1310 | D:3      | Noticed Robin
  1312 | D:3      | Reached XP level 5. HP: 26/46 MP: 5/5
  1521 | D:4      | Reached skill level 6 in Axes
  1560 | D:4      | Noticed an ogre
  1574 | D:4      | Killed an ogre
  1574 | D:4      | Reached skill level 7 in Axes
  1574 | D:4      | Reached XP level 6. HP: 40/55 MP: 6/6
  1583 | D:4      | Upgraded the game from 0.20-a0-967-g62cfa5d to 0.20-a0-971-g5896763
  1839 | D:5      | Entered Level 5 of the Dungeon
  1839 | D:5      | Found a snail-covered altar of Cheibriados.
  1957 | D:5      | Found a shattered altar of Ashenzari.
  1960 | D:5      | Found a blossoming altar of Fedhas.
  2069 | D:5      | Reached skill level 8 in Axes
  2198 | D:5      | Reached XP level 7. HP: 34/61 MP: 7/7
  2415 | D:6      | Learned a level 2 spell: Passwall
  2418 | D:6      | Learned a level 2 spell: Swiftness
  2426 | D:6      | Found Tejym's Antique Armour Emporium.
  2605 | D:6      | Reached skill level 9 in Axes
  2646 | D:6      | Reached skill level 1 in Evocations
  2646 | D:6      | Reached skill level 1 in Dodging
  2646 | D:6      | Reached XP level 8. HP: 35/69 MP: 7/9
  2768 | D:6      | Got an ancient quarterstaff {vamp}
  2832 | D:6      | Found a glowing drain.
  2839 | Sewer    | Entered a sewer
  2850 | Sewer    | Reached skill level 10 in Axes
  3601 | D:6      | Found a shimmering altar of Xom.
  3605 | D:6      | Found a hazy altar of Hepliaklqana.
  3606 | D:6      | Noticed a spectral ugly thing
  3606 | D:6      | Noticed Zebura's ghost (novice BuTm)
  3918 | D:7      | Found a staircase to the Ecumenical Temple.
  3931 | Temple   | Entered the Ecumenical Temple
  3942 | Temple   | Became a worshipper of Makhleb the Destroyer
  4050 | D:7      | Found an ornate altar of the Wu Jian Council.
  4216 | D:7      | Reached skill level 1 in Invocations
  4477 | D:7      | Found a radiant altar of Vehumet.
  5006 | D:8      | Found a staircase to the Lair.
  5010 | D:8      | Noticed a troll
  5023 | D:7      | Gained mutation: You passively map the area around you. [Deep Dwarf growth]
  5023 | D:7      | Reached XP level 9. HP: 16/78 MP: 10/10
  5128 | D:8      | Noticed an obsidian statue
  5276 | D:8      | Found Ajulaen's Book Emporium.
  5323 | D:8      | Noticed Pikel
  5346 | D:8      | Killed Pikel
  5346 | D:8      | Reached skill level 11 in Axes
  5388 | D:8      | Killed a troll
  5388 | D:8      | Reached skill level 5 in Invocations
  5465 | D:8      | Reached * piety under Makhleb
  5597 | D:8      | Reached skill level 12 in Axes
  5694 | D:8      | Got a brightly glowing leather armour
  5997 | D:8      | Found a snail-covered altar of Cheibriados.
  5997 | D:8      | Found a basalt altar of Yredelemnul.
  6084 | D:8      | Noticed Malvoorn's ghost (novice DsAK)
  6199 | D:7      | Reached XP level 10. HP: 20/87 MP: 13/13
  6289 | D:8      | Killed Malvoorn's ghost
  6436 | D:8      | Noticed Joseph
  6452 | D:8      | Killed Joseph
  6781 | Lair:1   | Entered Level 1 of the Lair of Beasts
  6781 | Lair:1   | Noticed Gastronok
  6781 | Lair:1   | Noticed a spiny frog
  6781 | Lair:1   | Noticed a spiny frog
  6788 | D:8      | Killed a spiny frog
  6788 | D:8      | Reached skill level 13 in Axes
  6953 | D:9      | Reached ** piety under Makhleb
  6953 | D:9      | Reached skill level 5 in Armour
  7032 | D:9      | Noticed a brown ugly thing
  7224 | D:9      | Identified the +4 leather armour "Zefox" {rC+ Regen+} (You found it on level 8 of the Dungeon)
  7270 | D:9      | Found an iron altar of Okawaru.
  7277 | D:9      | Found a sparkling altar of Nemelex Xobeh.
  7282 | D:9      | Found a bloodstained altar of Trog.
  7285 | D:9      | Found a glowing golden altar of the Shining One.
  7345 | D:9      | Killed a brown ugly thing
  7619 | D:10     | Entered Level 10 of the Dungeon
  7696 | D:10     | Noticed Nergalle
  7717 | D:10     | Killed Nergalle
  7717 | D:10     | Reached skill level 5 in Fighting
  7717 | D:10     | Reached skill level 5 in Evocations
  8553 | D:10     | Noticed a cyclops
  8559 | D:10     | Killed a cyclops
  8559 | D:10     | Reached *** piety under Makhleb
  8559 | D:10     | Reached XP level 11. HP: 68/96 MP: 14/14
  9230 | D:8      | Reached skill level 5 in Dodging
  9253 | Lair:1   | Killed Gastronok
  9253 | Lair:1   | Reached skill level 14 in Axes
  9433 | Lair:1   | Noticed a fire crab
  9448 | Lair:1   | Killed a fire crab
  9449 | Lair:1   | Engulfed by a cloud of flame

Vault maps used:
D:1:      minmay_arrival_hallway
D:2:      nicolae_qazlal_eye_of_the_storm
D:3:      first_bread, dk_noncrumbling_4, minivault_26, uniq_natasha,
          uniq_sigmund, uniq_robin
D:4:      kennysheep_generic_room_11
D:5:      evilmike_ruin_ashenzari, basic_altar, serial_glass, glass_columns_a,
          glass_columns_a, kennysheep_pointless_box, glass_columns_a,
          minmay_misc_feat_columns, fedhas_altar_1
D:6:      regret_index_temple_of_mockery, serial_shops, shop_fountains,
          gup_sewer_entry_bubbles
D:7:      lemuel_doored_altar, vehumet_statue, minmay_temple_entry_purple_smoke,
          the_bakery
D:8:      minmay_statue_hallways, gammafunk_temple_overflow_elements,
          erik_lair_island, serial_shops, kennysheep_little_box, uniq_pikel,
          uniq_joseph
D:9:      grunt_temple_overflow_cloverleaf
D:10:     minmay_cornered_nines, st_stairs_14, minmay_misc_feat_hallway,
          uniq_nergalle
Temple:   nicolae_temple_figure_zero
Lair:1:   uniq_gastronok
Sewer:    sewer_co_scattered_pipes

Skill      XL: |  1  2  3  4  5  6  7  8  9 10 11 |
---------------+----------------------------------+-----
Axes           | 3 5 7 8 9 10 12 13 14 | 14.2
Evocations     | 1 3 5 6 |  6.6
Fighting       | 3 4 5 |  5.9
Dodging        | 1 3 4 5 |  5.6
Armour         | 4 5 6 |  6.7
Invocations    | 2 6 8 |  8.9
Shields        | |  3.2

Action                   |  1- 3 |  4- 6 |  7- 9 | 10-12 || total
-------------------------+-------+-------+-------+-------++-------
Melee: War axe           |   146 |   150 |   240 |       ||   536
       Battleaxe         |       |       |   139 |   238 ||   377
 Fire: Hunting sling     |       |       |     3 |       ||     3
Throw: Tomahawk          |    37 |     9 |    22 |    32 ||   100
       Stone             |    30 |    15 |    54 |    23 ||   122
 Abil: Heal Wounds       |       |     2 |     7 |     7 ||    16
Evoke: Wand              |       |       |       |     8 ||     8
  Use: Potion            |       |     4 |     3 |     1 ||     8
       Scroll            |       |     7 |     5 |     6 ||    18
  Eat: Chunk             |     1 |     4 |    14 |    10 ||    29
Armor: Plate armour      |    78 |    80 |    39 |       ||   197
       Scale mail        |     4 |       |       |       ||     4
       Storm dragon scal |       |       |   156 |   113 ||   269
Dodge: Dodged            |    35 |    19 |   104 |   140 ||   298
Block: Shield            |    83 |    77 |    93 |       ||   253
